 Seeded DCSS version 0.28-a0-674-gdaf460b524 (webtiles) character file.

Game seed: 20211017 (custom seed)

42 a11behringer the Skirmisher (level 3, 0/31 HPs)
             Began as a Palentonga Fighter on Oct 17, 2021.
             Was a Plaything of Xom.
             Slain by a worm (6 damage)
             ... on level 2 of the Dungeon.
             The game lasted 00:05:20 (1637 turns).

a11behringer the Skirmisher (Palentonga Fighter)    Turns: 1637, Time: 00:05:21

Health: 0/31       AC:  6    Str: 19    XL:     3   Next: 35%
Magic:  3/3        EV:  7    Int:  8    God:    Xom [..*...]
Gold:   41         SH:  4    Dex: 10    Spells: 2/2 levels left

rFire   . . .      SeeInvis +   a - +0 long sword
rCold   . . .      Faith    .   c - +0 buckler
rNeg    . . .      Spirit   .   b - +0 scale mail
rPois   .          Reflect  .   (no helmet)
rElec   .          Harm     .   (no cloak)
rCorr   .          Rampage  .   (no gloves)
Will    .....                   (no barding)
Stlth   ..........              (no amulet)
HPRegen 0.10/turn               (no ring)
MPRegen 0.08/turn               (no ring)

@: no status effects
A: large, rugged brown scales 3, see invisible, deformed body, roll 1, armoured
tail
a: Rolling Charge, Renounce Religion


You were on level 2 of the Dungeon.
You worshipped Xom.
You were a toy of Xom.
You visited 1 branch of the dungeon, and saw 2 of its levels.

You collected 41 gold pieces.

Inventory:

Hand Weapons
 a - a +0 long sword (weapon)
Armour
 b - a +0 scale mail (worn)
 c - a +0 buckler (worn)
Jewellery
 e - an amulet of reflection
Scrolls
 g - 2 scrolls of identify {unknown}
 h - a scroll of vulnerability {unknown}
 i - a scroll of acquirement {unknown}
 k - a scroll of silence {unknown}
 l - a scroll of enchant armour {unknown}
Potions
 d - 2 potions of might
 f - a potion of magic {unknown}
 j - a potion of heal wounds {unknown}
 m - a potion of brilliance {unknown}


   Skills:
 + Level 3.3 Fighting
 * Level 2.6 Long Blades
 + Level 2.7 Armour
 + Level 0.2 Dodging
 + Level 2.7 Shields


You had 2 spell levels left.
You didn't know any spells.
Your spell library was empty.

Dungeon Overview and Level Annotations

Branches:
Dungeon (2/15)

Altars:
Xom


Innate Abilities, Weirdness & Mutations

You are completely covered in rugged brown scales. (AC +3, +7% HP)
You have supernaturally acute eyesight. (SInv)
Armour fits poorly on your strangely shaped body.
You can roll at nearby foes to attack.
You have a long armoured tail.


Message History

You barely miss the adder.
Your tail-slap misses the adder.
You block the adder's attack. x2
You hit the adder.
Your tail-slap misses the adder.
The adder is heavily wounded.
The adder bites you but does no damage. You block the worm's attack.
You closely miss the adder.
The adder is heavily wounded.
The adder closely misses you. The adder completely misses you.
You miss the adder.
The adder is heavily wounded.
The adder barely misses you. The worm bites you.
You closely miss the adder.
The adder is moderately wounded.
The adder bites you but does no damage. x2; The worm bites you!
You closely miss the adder.
The adder is moderately wounded.
The adder bites you but does no damage. The adder bites you.
You are poisoned.
The adder poisons you! The worm bites you.
You closely miss the adder.
The adder is moderately wounded.
You feel sick. The adder bites you but does no damage.
You hit the adder.
The adder is severely wounded.
You feel sick. You block the adder's attack. The worm completely misses you.
The adder bites you but does no damage.
You closely miss the adder.
Your tail-slap misses the adder.
The adder is severely wounded.
You feel sick. You block the adder's attack.
The worm bites you but does no damage. The adder barely misses you.
You closely miss the adder.
The adder is severely wounded.
You feel sick.
You are no longer poisoned.
The adder bites you but does no damage. You block the worm's attack.
You slash the adder!
You kill the adder!
The worm bites you.
You die... "What!?
That's it?"

#######.##.###..#...
#.##......#...
######.######.##.##
#...........#.##.#.
#.###.#####.#.##.##
#.###..###..#......
#.#.........####.#.
#...###.###..# ###.
#w@## .... #.## #.
#..# #..#..## #.
#... #.....###.
#..#. #).#.......
#..##..... #....†..
##.. ##.# #.....##.
##. .......###.#.. #
# ##### #.... .##.#


You could see a worm.

Vanquished Creatures
  An adder (D:2)
  A dart slug (D:1)
  An orc (D:2)
  2 bats
  6 endoplasms
  A giant cockroach (D:2)
  2 goblins (D:1)
  6 hobgoblins
  A ball python (D:2)
  A frilled lizard (D:2)
  4 kobolds
  A rat (D:1)
27 creatures vanquished.

Notes
Turn   | Place    | Note
-------+----------+-------------------------------------------
     0 | D:1      | a11behringer the Palentonga Fighter began the quest for the
                  | Orb.
     0 | D:1      | Reached XP level 1. HP: 19/19 MP: 1/1
   319 | D:1      | Reached XP level 2. HP: 20/25 MP: 2/2
   805 | D:1      | You fall into a shaft and drop 1 floor!
  1384 | D:2      | Found a faded altar of an unknown god.
  1396 | D:2      | Prayed at the altar of an unknown god.
  1396 | D:2      | Became a worshipper of Xom of Chaos
  1455 | D:2      | Reached XP level 3. HP: 21/31 MP: 3/3
  1637 | D:2      | Slain by a worm

Illustrated notes

Levels and vault maps discovered:
D:1:      dpeg_arrival_boxes_within_box, layout_loops_ring
D:2:      layout_basic, shapermc_ecumenical_altar_notcrosses, minmay_box_of_dots

Action                   || total
-------------------------++-------
Melee: Long sword        ||    85
       Tailslap          ||    13
 Abil: Rolling Charge    ||     4
Armor: Scale mail        ||    43
Dodge: Dodged            ||    26
Block: Buckler           ||    20

Table legend: (Time is in decaauts)
 A = Elapsed time spent in this place.
 B = Non-inter-level travel time spent in this place.
 C = Inter-level travel time spent in this place.
 D = Time resting spent in this place.
 E = Time spent auto-exploring this place.
 F = Levels seen in this place.
 G = Mean time per level.
                   A        B        C        D        E       F      G
               +--------+--------+--------+--------+--------+-----+--------+
         Total |   1663 |   1536 |    127 |      0 |   1294 |   2 |  831.5 |
       Dungeon |   1663 |   1536 |    127 |      0 |   1294 |   2 |  831.5 |
               +--------+--------+--------+--------+--------+-----+--------+

Top non-repeatable levels by time:
     D:1: 1160 daAuts
     D:2: 503 daAuts
